 Dungeon Crawl Stone Soup version 0.27-a0-1256-gced786f65e (webtiles) character file.

Game seed: 15032261897364063161

16 mordus the Poker (level 2, -2/26 HPs)
             Began as a Draconian Monk on June 10, 2021.
             Slain by Sigmund
             ... wielding a +0 scythe
              (6 damage)
             ... on level 2 of the Dungeon.
             The game lasted 00:01:30 (483 turns).

mordus the Poker (Draconian Monk)                    Turns: 483, Time: 00:01:31

Health: -2/26      AC:  4    Str: 13    XL:     2   Next: 37%
Magic:  2/2        EV: 12    Int: 10    God:
Gold:   62         SH:  0    Dex: 13    Spells: 1/1 levels left

rFire    . . .     SeeInvis .   a - +0 spear
rCold    . . .     Faith    .   (no shield)
rNeg     . . .     Spirit   .   (armour unavailable)
rPois    .         Reflect  .   (helmet restricted)
rElec    .         Harm     .   (no cloak)
rCorr    .         Rampage  .   (no gloves)
Will     .....                  (no boots)
Stlth    ++........             (no amulet)
HPRegen  0.08/turn              (no ring)
MPRegen  0.08/turn              (no ring)

@: no status effects
A: AC +4, unfitting armour, cold-blooded
a: no special abilities


You were on level 2 of the Dungeon.
You visited 1 branch of the dungeon, and saw 2 of its levels.

You collected 62 gold pieces.

Inventory:

Hand Weapons
 a - a +0 spear (weapon)
Magical Staves
 b - a staff of death
Scrolls
 d - a scroll of enchant armour {unknown}
Potions
 c - a potion of flight {unknown}


   Skills:
 - Level 3.2 Fighting
 * Level 3.5 Polearms
 + Level 3.0 Dodging
 - Level 1.7 Stealth


You had one spell level left.
You didn't know any spells.
Your spell library was empty.

Dungeon Overview and Level Annotations

Branches:
Dungeon (2/15)

Altars:

Shops:
D:1 ?

Annotations:
D:2 1 runed translucent door, Crazy Yiuf, Sigmund


Innate Abilities, Weirdness & Mutations

Your plain brown scales are hard. (AC +4)
You cannot fit into any form of body armour.
You are cold-blooded and may be slowed by cold attacks.


Message History

The adder is severely wounded.
The adder barely misses you.
You miss the adder. You tail-slap the adder.
The adder is almost dead.
The adder misses you. The adder bites you but does no damage.
You hit the adder.
You kill the adder!
Your Dodging skill increases to level 3!
You have reached level 2!
HP restored.
You see here an adder corpse.
Found 16 bolts.
Sigmund the Dreaded comes into view.
He is wielding a +0 scythe.
You see here 16 bolts.
Sigmund shouts!
Sorry, you're not good enough to have a special ability.
Sorry, you're not good enough to have a special ability.
You don't know any spells.
Sigmund casts a spell.
Sigmund flickers and vanishes!
Deactivating autopickup; reactivate with Ctrl-A.
No target in view!
No target in view!
Something hits you. Something hits you but does no damage.
You hit something. You tail-slap something. Something hits you.
You closely miss something.
You hear some strange, mumbled words.
A magic dart appears from out of thin air!
The magic dart hits you.
You hit something.
Your tail-slap misses something.
You hear some strange, mumbled words.
A puff of flame appears from out of thin air!
The puff of flame misses you.
You hit something but do no damage. You tail-slap something.
Something hits you.
You closely miss something. Something hits you!
* * * LOW HITPOINT WARNING * * *
You barely miss something. Something hits you.
You die...

.# ♣....♣
#.......# .#
♣♣...♣
#.####..# .#
♣♣.♣♣ # #..#
)# ♣♣.♣ .#
#..# .# ♣.♣♣
####. #..#
.# ♣♣.♣ ....
...# .# ♣.♣♣
#.. ....# .#
#+# #{#
##### .# ...
#@# .# #...#
#.# .# #)..#
#.# .# #####
#.# .# #.#
.##
######.##.#
#.#
#..(......#
#.#
#......####
#.#
......#.#..#


There were no monsters in sight!

Vanquished Creatures
  An adder (D:2)
  A giant cockroach (D:1)
  A goblin (D:1)
  A hobgoblin (D:2)
  A quokka (D:1)
  A kobold (D:2)
  A rat (D:1)
7 creatures vanquished.

Notes
Turn   | Place    | Note
-------+----------+-------------------------------------------
     0 | D:1      | mordus the Draconian Monk began the quest for the Orb.
     0 | D:1      | Reached XP level 1. HP: 19/19 MP: 1/1
    56 | D:1      | Found Seemym's Magic Scroll Boutique.
   179 | D:1      | You fall into a shaft and drop 1 floor!
   287 | D:2      | Found a runed translucent door.
   288 | D:2      | Noticed Crazy Yiuf
   393 | D:2      | Reached XP level 2. HP: 21/26 MP: 2/2
   466 | D:2      | Noticed Sigmund
   483 | D:2      | Slain by Sigmund

Illustrated notes

Levels and vault maps discovered:
D:1:      amcnicky_arrival_blooded_trapdoor, layout_loops_ring,
          shapermc_ecumenical_altar_flowoftime, serial_shops, shop
D:2:      layout_loops_ring, uniq_crazy_yiuf_cottage, uniq_sigmund

Skill      XL: |  1 |
---------------+----+-----
Dodging        | 3 |  3.0
Fighting       | |  3.2
Polearms       | |  3.5
Stealth        | |  1.7

Action                   || total
-------------------------++-------
Melee: Spear             ||    36
       Tailslap          ||     4
 Stab: Sleeping          ||     2
Armor: Skin              ||     5
Dodge: Dodged            ||    16

Table legend: (Time is in decaauts)
 A = Elapsed time spent in this place.
 B = Non-inter-level travel time spent in this place.
 C = Inter-level travel time spent in this place.
 D = Time resting spent in this place.
 E = Time spent auto-exploring this place.
 F = Levels seen in this place.
 G = Mean time per level.
                   A        B        C        D        E       F      G
               +--------+--------+--------+--------+--------+-----+--------+
         Total |    480 |    480 |      0 |      0 |    392 |   2 |  240.0 |
       Dungeon |    480 |    480 |      0 |      0 |    392 |   2 |  240.0 |
               +--------+--------+--------+--------+--------+-----+--------+

Top non-repeatable levels by time:
     D:2: 302 daAuts
     D:1: 178 daAuts
